 Dungeon Crawl Stone Soup version 0.30-b1-2-g02819fbbbe (webtiles) character file.

Game seed: 7988688551244835524

5274 sking99 the Fighter (level 10, -5/107 HPs)
             Began as an Ogre Fire Elementalist on June 27, 2023.
             Was a Believer of Vehumet.
             Slain by a tengu warrior
             ... wielding a +0 dire flail
              (10 damage)
             ... on level 9 of the Dungeon.
             The game lasted 00:37:15 (13390 turns).

sking99 the Fighter (Ogre Fire Elementalist)       Turns: 13390, Time: 00:37:15

Health: -5/107     AC: 13    Str: 14    XL:     10   Next: 63%
Magic:  0/17       EV:  9    Int: 20    God:    Vehumet [**....]
Gold:   159        SH:  0    Dex:  9    Spells: 5/19 levels left

rFire   + . .        q - staff of fire
rCold   . . .        H - orb {*channel}
rNeg    . . .        I - +0 steam dragon scales
rPois   .            (helmet restricted)
rElec   .            K - +2 cloak {Stlth+}
rCorr   .            (gloves unavailable)
SInv    .            (boots unavailable)
Will    +....        l - amulet of regeneration
Stlth   ++           n - +4 ring of protection
HPRegen 1.17/turn    E - ring of flight
MPRegen 0.15/turn

%: channel magic (20%)
@: flying, slowed, very slow
A: large, unfitting armour, tough skin 1
a: Renounce Religion


You were on level 9 of the Dungeon.
You worshipped Vehumet.
Vehumet was pleased with you.
You visited 2 branches of the dungeon, and saw 10 of its levels.
You also visited: Bailey.

You collected 490 gold pieces.
You spent 331 gold pieces at shops.

Inventory:

Hand Weapons
 p - a +1 short sword
 C - the +5 whip of Dishonesty {antimagic, rF- rC++ Str+2}
   (You found it on level 7 of the Dungeon)

   Str:       It affects your strength (+2).
   rF:        It makes you vulnerable to fire.
   rC:        It greatly protects you from cold.
Missiles
 y - 2 throwing nets
Armour
 H - an orb of energy (worn)
 I - +0 steam dragon scales (worn)
 K - a +2 cloak of stealth (worn)
Magical Staves
 q - a staff of fire (weapon)
Jewellery
 l - an amulet of regeneration (around neck)
 n - a +4 ring of protection (left hand)
 E - a ring of flight (right hand)
Wands
 r - a wand of polymorph (5)
 G - a wand of flame (11)
Scrolls
 c - 4 scrolls of noise
 g - 2 scrolls of butterflies
 h - a scroll of enchant weapon
 j - 3 scrolls of vulnerability
 m - 2 scrolls of teleportation
 u - 2 scrolls of identify
 A - a scroll of silence
 D - a scroll of fear
 F - a scroll of enchant armour
Potions
 b - 2 potions of magic
 d - 3 potions of curing
 e - a potion of lignification
 f - 5 potions of haste
 i - 3 potions of cancellation
 k - 3 potions of brilliance
 o - a potion of experience {unknown}
 s - a potion of flight
 t - 2 potions of might
 v - 2 potions of mutation
 w - 2 potions of attraction
 x - 2 potions of heal wounds
 z - a potion of berserk rage
 B - 2 potions of invisibility


   Skills:
 + Level 9.1 Fighting
 - Level 1.7 Dodging
 - Level 1.4 Stealth
 - Level 5.0 Spellcasting
 * Level 7.5 Conjurations
 - Level 2.0 Translocations
 + Level 9.1 Fire Magic
 - Level 2.0 Air Magic
 - Level 2.0 Poison Magic


You had 5 spell levels left.
You knew the following spells:

 Your Spells              Type           Power      Damage    Failure   Level
a - Foxfire               Conj/Fire      100%       2x1d9     3%          1
b - Scorch                Fire           100%       2d9       3%          2
c - Magic Dart            Conj           100%       1d8       3%          1
d - Flame Wave            Conj/Fire      55%        2d13      12%         4
f - Volatile Blastmotes   Fire/Tloc      80%        2d16      12%         3
z - Mephitic Cloud        Conj/Pois/Air  20%        N/A       19%         3

Your spell library contained the following spells:

 Spells                   Type           Power      Damage    Failure   Level
 Static Discharge         Conj/Air       48%        2-4/arc   10%         2
 Inner Flame              Hex/Fire       34%        N/A       16%         3
 Beastly Appendage        Tmut           10%        N/A       28%         1
 Call Imp                 Summ           10%        N/A       36%         2
 Wereblood                Tmut           5%         N/A       36%         2
 Spider Form              Tmut/Pois      9%         N/A       43%         3
 Leda's Liquefaction      Hex/Erth       2%         N/A       89%         4
 Lee's Rapid Deconstruct  Erth           2%         3d5*      99%         5
 Statue Form              Tmut/Erth      3%         N/A       100%        6
 Summon Cactus Giant      Summ           2%         N/A       100%        6


Dungeon Overview and Level Annotations

Branches:
Dungeon (9/15)             Temple (1/1) D:6            Lair (0/5) D:8
 Bailey (visited)
    Orc: D:9-12

Altars:
Ashenzari
Cheibriados
Dithmenos
Fedhas
Gozag
Hepliaklqana
Makhleb
Nemelex Xobeh
Ru
Sif Muna
Trog
Uskayaw
Vehumet
Wu Jian
Xom
Yredelemnul
Zin
The Shining One

Shops:
D:3 =   D:6 *   D:7 **

Annotations:
D:6 2 transporters, Borgoz's ghost, novice MiBe
D:8 3 runed translucent doors, Drakonis1988's ghost, novice MiBe


Innate Abilities, Weirdness & Mutations

You are too large for most types of armour.
You have tough skin. (AC +1)


Message History

* * * LOW HITPOINT WARNING * * *
The tengu warrior pecks you but does no damage.
The tengu warrior closely misses you.
Aiming: Throw Flame
Press: ? - help, Shift-Dir - straight line, f/p - tengu warrior
Aim: a tengu warrior, wielding a +0 dire flail and wearing a +0 leather armour (almost dead, 42% to hit)
Okay, then.
Casting: Flame Wave (dangerous; 12% risk of failure)
Confirm with . or Enter, or press ? or * to list all spells.
You feel a surge of power!
Flames lash the wraith.
The wraith is lightly damaged.
The wraith's fire resistance burns away.
The wraith barely misses you.
The tengu warrior hits you with a +0 dire flail.
* * * LOW HITPOINT WARNING * * *
The tengu warrior pecks you but does no damage.
The tengu warrior claws you.
* * * LOW HITPOINT WARNING * * *
The wraith hits you.
* * * LOW HITPOINT WARNING * * *
The wraith drains your vigour!
You feel as though you will be slow longer.
You closely miss the tengu warrior.
The tengu warrior is almost dead.
The wraith is no longer more vulnerable to fire.
The tengu warrior hits you with a +0 dire flail!
* * * LOW HITPOINT WARNING * * *
The tengu warrior pecks you but does no damage.
The tengu warrior claws you but does no damage.
The wraith hits you.
* * * LOW HITPOINT WARNING * * *
The tengu warrior hits you with a +0 dire flail.
* * * LOW HITPOINT WARNING * * *
The tengu warrior pecks you but does no damage.
The tengu warrior claws you but does no damage.
The wraith hits you but does no damage.
You miss the tengu warrior.
The tengu warrior is almost dead.
The tengu warrior hits you with a +0 dire flail!
You die...

... #. .. #. #### #.## #.
#..## #..# #) #...#
#.##### #...## #<.##.. ###
#..#.####...... ###
##W###.....##..##...
#.###.Q@#.#.##....####..
.#. #....##....####).##
#.. #..# ##.#####[[.# #..#
#.. ##...## #.### ###.#
#..# #.. #.....# ##...#
..# ...# #... ...#..#
#....#. .. ..... ....
#...#######.......####....
##.. #..†.##.........##
#...# ##...)....T......#


You could see a tengu warrior and a wraith.

Vanquished Creatures
  A freezing wraith (D:9)
  A komodo dragon (D:8)
  A meliai (D:9)
  A troll (D:9)
  4 slime creatures
  Sigmund (D:2)
  2 wyverns
  Eustachio (D:5)
  3 steam dragons
  Edmund (D:6)
  A water moccasin (D:8)
  3 black bears
  3 orc warriors
  A centaur (D:8)
  2 bullfrogs
  A gnoll sergeant (D:5)
  2 scorpions
  5 wights (D:7)
  6 killer bees
  A howler monkey (D:7)
  A jelly (D:6)
  2 orc priests (D:8)
  6 hounds
  Jessica (D:2)
  Natasha (thrice) (D:3)
  5 iguanas
  4 orc wizards
  7 adders
  18 gnolls
  A white imp (D:8)
  3 worms (D:3)
  5 dart slugs
  38 orcs
  6 ball pythons
  5 bats
  2 endoplasms
  3 giant cockroaches (D:1)
  10 hobgoblins
  8 jackals
  2 quokkas
  2 frilled lizards (D:1)
  9 goblins
  8 kobolds
  8 rats
198 creatures vanquished.

Vanquished Creatures (others)
  409 foxfires
  33 plants
442 creatures vanquished.

Grand Total: 640 creatures vanquished

Notes
Turn   | Place    | Note
-------+----------+-------------------------------------------
     0 | D:1      | sking99 the Ogre Fire Elementalist began the quest for the
                  | Orb.
     0 | D:1      | Reached XP level 1. HP: 16/16 MP: 3/3
    45 | D:1      | Reached skill level 1 in Conjurations
   328 | D:1      | Reached XP level 2. HP: 26/26 MP: 0/5
   488 | D:1      | Found a faded altar of an unknown god.
   721 | D:1      | Learned a level 2 spell: Scorch
   750 | D:1      | Reached skill level 1 in Fighting
   914 | D:1      | Reached XP level 3. HP: 33/33 MP: 2/7
   979 | D:1      | HP: 1/33 [jackal (1)]
  1453 | D:2      | Noticed Jessica
  1460 | D:2      | Killed Jessica
  1461 | D:2      | Reached XP level 4. HP: 39/41 MP: 2/8
  1465 | D:2      | Learned a level 3 spell: Volatile Blastmotes
  2188 | D:2      | Noticed Sigmund
  2212 | D:2      | Killed Sigmund
  2213 | D:2      | Reached skill level 1 in Translocations
  2213 | D:2      | Reached XP level 5. HP: 26/53 MP: 0/9
  2213 | D:2      | Reached XP level 6. HP: 30/61 MP: 0/10
  2853 | D:3      | Found Waocorgh's Jewellery Shoppe.
  2960 | D:3      | Noticed Natasha
  2960 | D:3      | Found a hide-covered altar of Uskayaw.
  2965 | D:3      | Killed Natasha
  3369 | D:3      | Noticed Natasha
  3380 | D:3      | Killed Natasha
  3456 | D:3      | Noticed Natasha
  3470 | D:3      | Killed Natasha
  3910 | D:3      | Found a hazy altar of Hepliaklqana.
  3975 | D:3      | Reached XP level 7. HP: 61/68 MP: 7/11
  3979 | D:3      | Learned a level 3 spell: Mephitic Cloud
  4233 | D:3      | Found a faded altar of an unknown god.
  4237 | D:3      | Found a sacrificial altar of Ru.
  4792 | D:4      | Found a shadowy altar of Dithmenos.
  4899 | D:4      | Found a radiant altar of Vehumet.
  4914 | D:4      | Became a worshipper of Vehumet
  4980 | D:4      | Reached skill level 5 in Fire Magic
  5804 | D:5      | Entered Level 5 of the Dungeon
  6155 | D:5      | Identified the +5 flail of the Ancients {venom, Str+5}
  6353 | D:5      | You fall into a shaft and drop 2 floors!
  6366 | D:7      | Identified the +5 whip of Dishonesty {antimagic, rF- rC++
                  | Str+2}
  6498 | D:7      | Reached skill level 1 in Air Magic
  6509 | D:7      | Reached skill level 1 in Poison Magic
  6509 | D:7      | Reached XP level 8. HP: 57/79 MP: 2/13
  6635 | D:6      | Found an ornate altar of the Wu Jian Council.
  6764 | D:5      | Noticed a wyvern
  6774 | D:5      | Killed a wyvern
  6775 | D:5      | Reached skill level 5 in Fighting
  7255 | D:5      | Noticed Eustachio
  7286 | D:5      | Killed Eustachio
  7531 | D:6      | Found a transporter.
  7539 | D:6      | Learned a level 1 spell: Magic Dart
  7544 | D:6      | Learned a level 4 spell: Flame Wave
  7557 | D:6      | Found Bunohil's Assorted Antiques.
  7618 | D:6      | Found a sparkling altar of Nemelex Xobeh.
  7768 | D:6      | Found a staircase to the Ecumenical Temple.
  7795 | D:6      | Noticed Edmund
  7810 | D:6      | Killed Edmund
  8026 | D:6      | Found an opulent altar of Gozag.
  8125 | D:6      | Found a transporter.
  8129 | D:6      | Noticed Borgoz's ghost (novice MiBe)
  8209 | Temple   | Entered the Ecumenical Temple
  8382 | D:7      | Reached * piety under Vehumet
  8382 | D:7      | Offered knowledge of Kiss of Death by Vehumet.
  8383 | D:7      | Reached XP level 9. HP: 89/89 MP: 6/15
  9314 | D:6      | Bought a runed orb for 204 gold pieces
  9314 | D:6      | Bought an embroidered cloak for 127 gold pieces
  9439 | D:7      | Found Famyppi's General Store.
  9441 | D:7      | Found Reschul's Specific Store.
  9743 | D:7      | Reached skill level 5 in Conjurations
  9871 | D:7      | Found a broken altar of Ashenzari.
 10161 | D:8      | Found a flagged portal.
 10170 | Bailey   | Entered a bailey
 11235 | D:8      | Reached ** piety under Vehumet
 11235 | D:8      | Offered knowledge of Static Discharge by Vehumet.
 11653 | D:8      | Identified the +4 halberd of Trial by Ordeal {distort, rN+
                  | Str+3}
 11916 | D:8      | Found a bloodstained altar of Trog.
 11962 | D:8      | Reached XP level 10. HP: 104/104 MP: 12/16
 11995 | D:8      | Found a runed translucent gate.
 11995 | D:8      | Found a runed translucent gate.
 11995 | D:8      | Found a runed translucent gate.
 11997 | D:8      | Noticed Drakonis1988's ghost (novice MiBe)
 11997 | D:8      | Noticed a ten-headed hydra
 12427 | D:8      | Found a blossoming altar of Fedhas.
 12478 | D:8      | Found a staircase to the Lair.
 12492 | D:8      | Reached skill level 5 in Spellcasting
 12873 | D:9      | Noticed a green ugly thing
 12875 | D:9      | Noticed a tengu warrior
 13389 | D:9      | HP: 5/107 [tengu warrior/+0 dire flail (8)]
 13390 | D:9      | Slain by a tengu warrior

Illustrated notes

Levels and vault maps discovered:
D:1:      saegor_arrival_miasma, layout_loops_ring,
          hellmonk_ecumenical_altar_blasted
D:2:      layout_loops_corners, kennysheep_small_spiral, minmay_tromino_i2,
          uniq_sigmund, uniq_jessica
D:3:      layout_loops_corners, nicolae_overflow_ecumenical_swirl,
          nicolae_hepliaklqana_hippocampus, mainiacjoe_overflow_small_starburst,
          serial_shops, shop, minmay_cupped, uniq_natasha
D:4:      layout_loops_ring, vehumet_crystals, mainiacjoe_overflow_catwalk,
          dk_rats_in_the_wall
D:5:      layout_basic, uniq_eustachio
D:6:      layout_cave_pools, mainiacjoe_overflow_alcove_4,
          nicolae_overflow_crystal_walls, nicolae_wu_jian_immortal_techniques,
          minmay_temple_entry_mist, gammafunk_ghost_gnarly_gnolls, serial_shops,
          shop, uniq_edmund
D:7:      layout_basic, overflow_temple_1_default, nicolae_specific_store,
          hangedman_decor_riveting, kennysheep_generic_room_12
D:8:      layout_cave_pools, trog_butcher_becter, fedhas_altar_4,
          david_lair_shrubbed, enter_bailey_2, gammafunk_ghost_hydra_chop,
          kennysheep_dice
D:9:      layout_layer_cave, mainiacjoe_overflow_alcove_2, elyvilon_altar_4,
          minivault_28
Temple:   nicolae_temple_superstar

Skill      XL: |  1  2  3  4  5  6  7  8  9 10 |
---------------+-------------------------------+-----
Conjurations   | 1 2 3 4 6 7 |  7.5
Fire Magic     | 3 4 5 6 8 9 |  9.1
Fighting       | 1 3 4 6 7 9 |  9.1
Spellcasting   | 3 4 5 |  5.0
Translocations | 1 2 |  2.0
Air Magic      | 1 2 |  2.0
Poison Magic   | 1 2 |  2.0
Dodging        | |  1.7
Stealth        | |  1.4

Action                     |  1- 3 |  4- 6 |  7- 9 | 10-12 || total
---------------------------+-------+-------+-------+-------++-------
  Melee: Unarmed           |    25 |     1 |       |       ||    26
         Short sword       |       |     5 |       |       ||     5
         Staff             |       |       |    35 |    18 ||    53
         Punch             |       |       |     1 |       ||     1
   Cast: Foxfire           |    48 |    51 |   120 |    21 ||   240
         Scorch            |     6 |    23 |   117 |    37 ||   183
         Volatile Blastmot |       |     5 |     6 |       ||    11
         Magic Dart        |       |       |     6 |     1 ||     7
         Mephitic Cloud    |       |       |     2 |       ||     2
         Flame Wave        |       |       |     8 |    10 ||    18
  Evoke: Wand              |       |       |     2 |     3 ||     5
    Use: Scroll            |       |       |    26 |     1 ||    27
   Stab: Confused          |       |       |     1 |       ||     1
 Armour: Robe              |    44 |    12 |   123 |    27 ||   206
         Steam dragon scal |       |       |       |    29 ||    29
  Dodge: Dodged            |    59 |    17 |   119 |    42 ||   237
